 Dungeon Sprint DCSS version 0.27-a0-95-g5a9077b8ae (webtiles) character file.

Game seed: 16747524915719398576

16393 mhtbhm the Warrior (level 12, -11/127 HPs)
             Began as a White Draconian Berserker on Jan 19, 2021.
             Was the Champion of Trog.
             Mangled by a vampire knight
             ... wielding a +0 war axe
              (16 damage)
             ... while paralysed by a vampire knight
             ... in the Dungeon (Sprint IX: "|||||||||||||||||||||||||||||").
             The game lasted 00:07:54 (3238 turns).

mhtbhm the Warrior (White Draconian Berserker)      Turns: 3238, Time: 00:07:55

Health: -11/127    AC: 15    Str: 25    XL:     12   Next: 9%
Magic:  7/7        EV:  2    Int:  7    God:    Trog [******]
Gold:   1439       SH:  0    Dex: 11    Spells: 11/11 levels left

rFire    . . .     SeeInvis .   t - +2 scimitar "Trog's Righteous Anger" {antimagic, rElec rN+++ MP+9}
rCold    + . .     Faith    .   (no shield)
rNeg     + + +     Spirit   .   (armour unavailable)
rPois    +         Reflect  .   v - +0 hat
rElec    +         Harm     .   k - +1 cloak
rCorr    .         Rampage  .   z - +1 pair of gloves
Will     .....     NoTele   +   u - +2 pair of boots {run}
Stlth    +++.......             (no amulet)
HPRegen  0.31/turn              x - ring of poison resistance
MPRegen  0.10/turn              n - +2 ring of evasion

@: paralysed, short of breath, berserk cooldown, slowed, quick
A: breathe frost, unfitting armour, cold resistance 1, cold-blooded, AC +8
a: Breathe Frost, Renounce Religion, Berserk, Trog's Hand, Brothers in Arms


You were in the Dungeon.
You worshipped Trog.
Trog was exalted by your worship.
You visited 1 branch You collected 1939 gold pieces.
You spent 500 gold pieces at shops.

Inventory:

Hand Weapons
 a - a +6 vorpal scimitar
 t - the +2 scimitar "Trog's Righteous Anger" (weapon) {antimagic, rElec rN+++ MP+9}
   (You found it in the Dungeon)

   It reduces the magical energy of the wielder, and disrupts the spells and
   magical abilities of those hit.
   Natural abilities and divine invocations are not affected.
   It insulates you from electricity.
   It renders you almost immune to negative energy.
   It affects your magic capacity (+9).
Missiles
 o - 6 curare-tipped darts
Armour
 k - a +1 cloak (worn)
 u - a +2 pair of boots of running (worn)
 v - a +0 hat (worn)
 z - a +1 pair of gloves (worn)
Jewellery
 n - a +2 ring of evasion (right hand)
 x - a ring of poison resistance (left hand)
Wands
 j - a wand of iceblast (10)
Scrolls
 g - a scroll of blinking
 i - 6 scrolls of remove curse
 p - 3 scrolls of fear
 q - 2 scrolls of enchant weapon
 r - 3 scrolls of identify
Potions
 b - 7 potions of curing
 c - 11 potions of heal wounds
 d - a potion of haste
 e - 4 potions of magic
 f - 3 potions of berserk rage
 h - a potion of invisibility


   Skills:
 + Level 18.2 Fighting
 + Level 17.8 Long Blades
 + Level 14.9 Dodging
 + Level 7.6 Stealth


You had 11 spell levels left.
You didn't know any spells.
Your spell library was empty.

Dungeon Overview and Level Annotations

Branches:
Dungeon (1/1)

Altars:
Cheibriados
Dithmenos
Elyvilon
Fedhas
Gozag
Hepliaklqana
Kikubaaqudgha
Makhleb
Nemelex Xobeh
Okawaru
Qazlal
Ru
Sif Muna
Trog
Uskayaw
Vehumet
Wu Jian
Xom
Yredelemnul
Zin
The Shining One
Beogh
Jiyva
Lugonu

Shops:
D [[(:


Innate Abilities, Weirdness & Mutations

You can breathe waves of freezing cold.
You can buffet flying creatures when you breathe cold.
Your icy white scales are hard. (AC +8)
You cannot fit into any form of body armour.
Your flesh is cold resistant. (rC+)
You are cold-blooded and may be slowed by cold attacks.


Message History

Press: ? - help, Shift-Dir - straight line, f - ettin
Aim: an ettin, wielding two +0 dire flails You exhale a wave of freezing cold.
The freezing breath hits something.
The freezing breath hits the ettin!
The ettin is lightly wounded.
You hear some strange, mumbled words.
You suddenly lose the ability to move!
Something hits you but does no damage. Something bites you but does no damage.
Something hits you! Something bites you!
* * * LOW HITPOINT WARNING * * *
Something hits you but does no damage. Something bites you.
* * * LOW HITPOINT WARNING * * *
Something hits you.
* * * LOW HITPOINT WARNING * * *
Something bites you.
* * * LOW HITPOINT WARNING * * *
Something hits you!!
* * * LOW HITPOINT WARNING * * *
Something bites you but does no damage. Something hits you!
You die...

▓.▓.▓.▓.▓.▓.▓.▓
▓.▓.▓.▓.▓.▓.▓.▓
▓.▓.▓.▓.▓.▓.▓.▓
▓)▓.▓.▓.▓.▓.▓'▓
▓.▓.▓.▓.▓.▓.▓)▓
▓(▓.▓.▓.▓.▓.▓.▓
▓.▓.▓.▓.▓'▓.▓.▓
▓.▓.▓.▓.▓.▓.▓.▓
▓@▓.▓.▓.▓.▓.▓.▓
▓{▓.▓.▓.▓.▓.▓'▓
▓C▓.▓.▓.▓.▓.▓†▓
▓)▓.▓.▓.▓.▓.▓.▓
▓)▓.▓)▓.▓.▓.▓.▓
▓.▓.▓.▓.▓)▓.▓.▓
▓)▓.▓)▓.▓(▓.▓.▓
▓)▓.▓.▓.▓.▓.▓'▓
▓)▓.▓)▓.▓.▓.▓_▓


You could see an ettin.

Vanquished Creatures
  An ogre mage (D)
  A catoblepas (D)
  A hydra (D)
  An ice dragon (D)
  A boulder beetle (D)
  A two-headed ogre (D)
  An orc high priest (D)
  An orc knight (D)
  A deep elf mage (D)
  An ugly thing (D)
  9 orc sorcerers (D)
  A manticore (D)
  A cyclops (D)
  Psyche (D)
  A cane toad (D)
  A rime drake (D)
  2 polar bears (D)
  A troll (D)
  A slime creature (D)
  2 blink frogs (D)
  A yak (D)
  A wyvern (D)
  A basilisk (D)
  An acid dragon (D)
  4 water moccasins (D)
  4 orc warriors (D)
  A sky beast (D)
  7 black bears (D)
  An ogre (D)
  2 phantoms (D)
  4 bullfrogs (D)
  A scorpion (D)
  A killer bee (D)
  A wight (D)
  A hound (D)
  4 orc priests (D)
  10 orc wizards (D)
  An adder skeleton (D)
  5 orcs (D)
  A bat skeleton (D)
  3 giant cockroaches (D)
  A kobold (D)
  A bat (D)
87 creatures vanquished.

Vanquished Creatures (collateral kills)
  A hydra (D)
  An orc knight (D)
  A deep elf mage (D)
  4 orc warriors (D)
  A wight (D)
  A jelly (D)
9 creatures vanquished.

Grand Total: 96 creatures vanquished

Notes
Turn   | Place    | Note
-------+----------+-------------------------------------------
     0 | D        | mhtbhm the Draconian Berserker began the quest for the Orb.
     0 | D        | Reached XP level 1. HP: 19/19 MP: 1/1
     9 | D        | Reached ** piety under Trog
    14 | D        | Reached skill level 4 in Fighting
   119 | D        | Noticed a scorpion
   119 | D        | Noticed a sky beast
   119 | D        | Noticed a hound
   125 | D        | Reached XP level 2. HP: 27/27 MP: 2/2
   130 | D        | Killed a scorpion
   130 | D        | Reached *** piety under Trog
   131 | D        | Reached skill level 5 in Fighting
   131 | D        | Reached skill level 5 in Long Blades
   131 | D        | Reached XP level 3. HP: 37/37 MP: 3/3
   134 | D        | Killed a sky beast
   135 | D        | Reached skill level 7 in Fighting
   135 | D        | Reached skill level 5 in Dodging
   135 | D        | Reached XP level 4. HP: 37/47 MP: 4/4
   135 | D        | Reached XP level 5. HP: 42/52 MP: 5/5
   147 | D        | Found a roughly hewn altar of Beogh.
   147 | D        | Found a snail-covered altar of Cheibriados.
   147 | D        | Found a shadowy altar of Dithmenos.
   147 | D        | Found a white marble altar of Elyvilon.
   147 | D        | Found a blossoming altar of Fedhas.
   147 | D        | Found an opulent altar of Gozag.
   148 | D        | Found a hazy altar of Hepliaklqana.
   149 | D        | Found a viscous altar of Jiyva.
   150 | D        | Found an ancient bone altar of Kikubaaqudgha.
   151 | D        | Found a corrupted altar of Lugonu.
   152 | D        | Found a burning altar of Makhleb.
   271 | D        | Found a sparkling altar of Nemelex Xobeh.
   272 | D        | Found an iron altar of Okawaru.
   273 | D        | Found a stormy altar of Qazlal.
   274 | D        | Found a sacrificial altar of Ru.
   275 | D        | Found a shimmering blue altar of Sif Muna.
   276 | D        | Found a bloodstained altar of Trog.
   277 | D        | Found a hide-covered altar of Uskayaw.
   278 | D        | Found a radiant altar of Vehumet.
   279 | D        | Found an ornate altar of the Wu Jian Council.
   280 | D        | Found a shimmering altar of Xom.
   281 | D        | Found a basalt altar of Yredelemnul.
   282 | D        | Found a glowing silver altar of Zin.
   283 | D        | Found a glowing golden altar of the Shining One.
   300 | D        | Got the +2 scimitar "Trog's Righteous Anger" {antimagic,
                  | rElec rN+++ MP+9}
   324 | D        | Noticed a phantom
   324 | D        | Noticed an ogre
   324 | D        | Noticed a phantom
   332 | D        | Killed a phantom
   332 | D        | Reached **** piety under Trog
   333 | D        | Reached skill level 8 in Fighting
   334 | D        | Killed a phantom
   335 | D        | Reached skill level 9 in Fighting
   335 | D        | Reached XP level 6. HP: 63/63 MP: 5/6
   343 | D        | Reached ***** piety under Trog
   351 | D        | Reached skill level 10 in Long Blades
   351 | D        | Your scales start taking on an icy white colour.
   351 | D        | Reached XP level 7. HP: 53/71 MP: 5/7
   351 | D        | Gained mutation: Your flesh is cold resistant. (rC+) [White
                  | Draconian growth]
   430 | D        | Noticed a white ugly thing
   430 | D        | Noticed a seven-headed hydra
   430 | D        | Noticed a deep elf mage
   430 | D        | Noticed a deep elf mage
   442 | D        | Killed a white ugly thing
   442 | D        | Received a gift from Trog
   443 | D        | Reached skill level 10 in Fighting
   443 | D        | Reached skill level 1 in Stealth
   550 | D        | Killed a seven-headed hydra
   551 | D        | Reached skill level 11 in Fighting
   551 | D        | Reached skill level 10 in Dodging
   551 | D        | Reached XP level 8. HP: 33/82 MP: 5/8
   552 | D        | Killed a deep elf mage
   576 | D        | Killed a deep elf mage
   904 | D        | Noticed a blink frog
   904 | D        | Noticed a cane toad
   904 | D        | Noticed a rime drake
   906 | D        | Reached skill level 12 in Fighting
   906 | D        | Reached XP level 9. HP: 90/90 MP: 6/9
   909 | D        | Killed a cane toad
   918 | D        | Received a gift from Trog
   924 | D        | Killed a rime drake
  1191 | D        | Noticed a six-headed hydra
  1196 | D        | Reached skill level 13 in Fighting
  1197 | D        | Noticed a boulder beetle
  1209 | D        | Killed a 14-headed hydra
  1209 | D        | Reached ****** piety under Trog
  1209 | D        | Received a gift from Trog
  1210 | D        | Reached XP level 10. HP: 61/101 MP: 6/10
  1436 | D        | Reached skill level 15 in Long Blades
  1440 | D        | Killed a boulder beetle
  1441 | D        | Reached skill level 14 in Fighting
  1545 | D        | Received a gift from Trog
  1732 | D        | Received a gift from Trog
  1749 | D        | Received a gift from Trog
  1989 | D        | Noticed an orc sorcerer
  1989 | D        | Noticed an orc high priest
  1989 | D        | Noticed an orc knight
  1990 | D        | Noticed an orc sorcerer
  2001 | D        | Noticed a sixfirhy
  2001 | D        | Killed an orc sorcerer
  2001 | D        | Received a gift from Trog
  2002 | D        | Reached skill level 15 in Fighting
  2002 | D        | Noticed an orc knight
  2005 | D        | Noticed a rust devil
  2012 | D        | Killed an orc high priest
  2013 | D        | Reached XP level 11. HP: 113/113 MP: 6/11
  2021 | D        | Killed an orc knight
  2032 | D        | Paralysed by an orc sorcerer for 6 turns
  2044 | D        | Paralysed by an orc sorcerer for 5 turns
  2052 | D        | Killed an orc sorcerer
  2059 | D        | Killed an orc knight
  2256 | D        | Found Plog's Armour Emporium.
  2256 | D        | Noticed an orc sorcerer
  2256 | D        | Noticed an orc sorcerer
  2257 | D        | Noticed an orc sorcerer
  2260 | D        | Received a gift from Trog
  2261 | D        | Found Ifoj's Armour Shoppe.
  2266 | D        | Killed an orc sorcerer
  2267 | D        | Reached skill level 16 in Fighting
  2269 | D        | Killed an orc sorcerer
  2274 | D        | Found Busaling's Antique Weapon Emporium.
  2274 | D        | Noticed an orc sorcerer
  2276 | D        | Received a gift from Trog
  2277 | D        | Paralysed by an orc sorcerer for 6 turns
  2280 | D        | Noticed an orc sorcerer
  2288 | D        | Paralysed by an orc sorcerer for 3 turns
  2291 | D        | Killed an orc sorcerer
  2292 | D        | Reached skill level 5 in Stealth
  2292 | D        | Found Weblut's Book Shoppe.
  2295 | D        | Killed an orc sorcerer
  2297 | D        | Received a gift from Trog
  2298 | D        | Noticed an orc sorcerer
  2301 | D        | Killed an orc sorcerer
  2303 | D        | Noticed an orc sorcerer
  2313 | D        | Killed an orc sorcerer
  2320 | D        | Killed an orc sorcerer
  2321 | D        | Reached skill level 17 in Fighting
  2369 | D        | Bought a +2 pair of boots of running for 456 gold pieces
  2373 | D        | Bought a +0 hat for 44 gold pieces
  2527 | D        | Noticed Psyche
  2534 | D        | Killed Psyche
  2662 | D        | Noticed a catoblepas
  2662 | D        | Noticed a two-headed ogre
  2997 | D        | Killed a catoblepas
  2997 | D        | Received a gift from Trog
  3033 | D        | Killed a two-headed ogre
  3210 | D        | Noticed an ogre mage
  3214 | D        | Noticed an ice dragon
  3218 | D        | Noticed a vampire knight
  3221 | D        | Noticed an ettin
  3222 | D        | Killed an ogre mage
  3222 | D        | Received a gift from Trog
  3223 | D        | Reached skill level 18 in Fighting
  3223 | D        | Reached XP level 12. HP: 99/127 MP: 7/12
  3228 | D        | Killed an ice dragon
  3234 | D        | Paralysed by something for 5 turns
  3238 | D        | HP: 5/127 [something (27)]
  3238 | D        | Mangled by a vampire knight

Illustrated notes

Levels and vault maps discovered:
D:        linesprint [early_d, line_temple, items_1, d_10, items_2, lair_1,
          lair_end, items_3, orc_1, orc_end, items_4, d_15, swamp_1, shoals_1,
          snake_1, spider_1, d_20, vaults_1, items_5, swamp_end, shoals_end,
          snake_end, spider_end, vaults_end, d_27, items_6, zot_1, zot_end,
          crypt_end, forest_end, elf_end, slime_end, tomb_end, abyss_end,
          pan_hell_end]

Skill      XL: |  1  2  3  4  5  6  7  8  9 10 11 |
---------------+----------------------------------+-----
Dodging        | 3 4 5 7 8 10 11 13 14 | 14.9
Fighting       | 4 5 7 9 11 12 13 15 18 | 18.2
Long Blades    | 5 6 8 10 11 12 14 16 17 | 17.8
Stealth        | 1 2 4 7 |  7.6

Action                   |  1- 3 |  4- 6 |  7- 9 | 10-12 || total
-------------------------+-------+-------+-------+-------++-------
Melee: Falchion          |    22 |     7 |       |       ||    29
       Tailslap          |     4 |     4 |    16 |    46 ||    70
       Scimitar          |       |    25 |    63 |   224 ||   312
Invok: Berserk           |     1 |     1 |     3 |     5 ||    10
       Brothers in Arms  |       |       |     1 |     1 ||     2
 Abil: Breathe Frost     |       |       |     2 |     3 ||     5
  Use: Scroll            |       |       |     1 |       ||     1
 Stab: Sleeping          |       |       |       |     2 ||     2
       Petrified         |       |       |       |     5 ||     5
       Petrifying        |       |       |       |     1 ||     1
Armor: Skin              |     1 |     9 |     7 |    34 ||    51
Dodge: Dodged            |    13 |    18 |    47 |   160 ||   238
       Rpst.: Falchion   |     6 |       |       |       ||     6
       Scimitar          |       |     4 |     8 |    32 ||    44

Table legend: (Time is in decaauts)
 A = Elapsed time spent in this place.
 B = Non-inter-level travel time spent in this place.
 C = Inter-level travel time spent in this place.
 D = Time resting spent in this place.
 E = Time spent auto-exploring this place.
 F = Levels seen in this place.
 G = Mean time per level.
                   A        B        C        D        E       F      G
               +--------+--------+--------+--------+--------+-----+--------+
         Total |   3159 |   3159 |      0 |   1681 |    509 |   1 | 3159.0 |
       Dungeon |   3159 |   3159 |      0 |   1681 |    509 |   1 | 3159.0 |
               +--------+--------+--------+--------+--------+-----+--------+

Top non-repeatable levels by time:
       D: 3159 daAuts
